 Dungeon Crawl Stone Soup version 0.27.1-1-g398f81649c (webtiles) character file.

Game seed: 6011901851099037815

217 rogsnak the Firebug (level 5, -1/42 HPs)
             Began as a Tengu Fire Elementalist on Sept 5, 2021.
             Succumbed to a kobold brigand's poison
             ... in a sewer.
             The game lasted 00:06:08 (2254 turns).

rogsnak the Firebug (Tengu Fire Elementalist)       Turns: 2254, Time: 00:06:09

Health: -1/42      AC: 22    Str:  8    XL:     5   Next: 94%
Magic:  2/10       EV:  2    Int: 17    God:
Gold:   102        SH:  0    Dex: 14    Spells: 5/10 levels left

rFire    + . .     SeeInvis +   s - staff of conjuration
rCold    . . .     Faith    .   (no shield)
rNeg     + + +     Spirit   .   (armour currently unavailable)
rPois    +         Reflect  .   (helmet currently unavailable)
rElec    .         Harm     .   (cloak currently unavailable)
rCorr    .         Rampage  .   (gloves currently unavailable)
Will     .....     NoTele   +   (boots unavailable)
Stlth    ++........             (no amulet)
HPRegen  0.14/turn              d - ring of see invisible
MPRegen  0.12/turn              k - ring of protection from fire

@: lethally poisoned (-1 -> -10), tree-form, hasted, very quick
A: stationary, stasis, torment immunity, boosted hp, (beak), (talons 3), nimble
flight
a: no special abilities


You were in a sewer.
You were a tree.
You visited 1 branch of the dungeon, and saw 3 of its levels.
You also visited: Sewer.

You collected 102 gold pieces.

Inventory:

Hand Weapons
 e - a +0 dagger
 m - a +0 spear
 r - a +0 rapier
 t - a +4 whip
Missiles
 c - 17 arrows
 i - 55 stones
 l - 9 poisoned darts
Armour
 a - a +0 robe (melded)
Magical Staves
 q - a staff of death
 s - a staff of conjuration (weapon)
Jewellery
 d - a ring of see invisible (left branch)
 h - a ring of ice
 k - a ring of protection from fire (right branch)
Scrolls
 b - 2 scrolls of teleportation {unknown}
 f - 5 scrolls of identify {unknown}
 g - a scroll of acquirement {unknown}
Potions
 o - a potion of curing {unknown}
 p - a potion of magic {unknown}
 u - a potion of might
 v - a potion of mutation {unknown}


   Skills:
 * Level 3.2 Dodging
 - Level 2.1 Stealth
 + Level 3.1 Spellcasting
 * Level 4.2 Conjurations
 + Level 4.6 Fire Magic


You had 5 spell levels left.
You knew the following spells:

 Your Spells              Type           Power      Damage    Failure   Level
a - Foxfire               Conj/Fire      100%       2x1d9     2%          1
b - Sticky Flame          Conj/Fire      26%        2d5       28%         4

Your spell library contained the following spells:

 Spells                   Type           Power      Damage    Failure   Level
 Conjure Flame            Conj/Fire      26%        6-21      9%          3
 Animate Skeleton         Necr           4%         N/A       17%         1
 Pain                     Necr           8%         1d4       17%         1
 Inner Flame              Hex/Fire       10%        N/A       21%         3
 Vampiric Draining        Necr           1%         2d6       45%         3
 Fireball                 Conj/Fire      13%        3d7       61%         5
 Cause Fear               Hex            1%         N/A       86%         4
 Discord                  Hex            1%         N/A       100%        8


Dungeon Overview and Level Annotations

Branches:
Dungeon (3/15)              Sewer (1/1)

Altars:


Innate Abilities, Weirdness & Mutations

You are a tree.
Your roots penetrate the ground, keeping you stationary.
You cannot be teleported.
You are immune to unholy pain and torment.
Your maximum health is greatly increased.
Your equipment is partially melded.
((You have a beak for a mouth.))
((You have claws for feet.))
Your magical nature lets you fly swiftly and evasively.


Message History

The foxfire hits the kobold brigand but does no damage.
The kobold brigand is severely wounded.
The kobold brigand is engulfed in a cloud of scalding steam.
The kobold brigand hits the plant with a +0 whip!
The kobold splashes around in the water.
Unknown command.
* * * LOW HITPOINT WARNING * * *
You feel sick.
The foxfire hits the kobold brigand.
The kobold brigand is almost dead.
The foxfire hits the kobold brigand.
The kobold brigand is almost dead.
The kobold splashes around in the water.
The kobold brigand hits the plant with a +0 whip.
* * * LOW HITPOINT WARNING * * *
You feel sick.
A nearby plant withers and dies.
Casting: Foxfire (safe; 3% risk of failure)
Confirm with . or Enter, or press ? or * to list all spells.
You feel a surge of power!
You conjure some foxfire!
* * * LOW HITPOINT WARNING * * *
You feel sick.
A nearby plant withers and dies.
Unknown command.
Your foxfire dissipates!
* * * LOW HITPOINT WARNING * * *
You feel sick.
The foxfire hits the kobold brigand!
You kill the kobold brigand!
You hear a splash. x2
Your Spellcasting skill increases to level 3!
Your Conjurations skill increases to level 4!
It was a potion of lignification.
You turn into a tree.
Your +0 robe melds into your body.
Your roots penetrate the ground.
* * * LOW HITPOINT WARNING * * *
You feel sick.
The kobold brigand throws a poisoned dart.
The poisoned dart hits you!
You are more poisoned.
Okay, then.
Unknown command.
Unknown command.
It was a potion of haste.
You feel yourself speed up.
You die...

≈≈P ≈≈≈ ≈≈≈ ≈≈≈######### ≈≈≈
≈≈≈≈≈≈≈≈≈≈≈≈≈≈≈≈≈≈≈≈ ≈≈≈
≈≈≈≈≈≈≈≈≈≈≈≈≈≈≈≈≈ ≈≈≈ ≈≈≈≈≈≈
≈≈≈≈≈
#########≈#≈#######≈######### ###
.......P≈≈P≈≈≈..P≈≈≈K≈≈≈.≈≈)#..!.
........≈≈≈P≈...§≈§≈§≈....≈≈)..∩)
........PP.≈.†..♣..≈≈≈P..≈≈.'!...
..............P.....K......P#!...
........†...†......P.......######
...####....................# ####
##.................###
##............#####
####..####.### #### ###


You could see a kobold brigand and a kobold.

Vanquished Creatures
  A kobold brigand (Sewer)
  6 adders
  4 river rats (D:3)
  A worm (D:3)
  3 dart slugs
  2 endoplasms
  A giant cockroach (Sewer)
  5 goblins
  A hobgoblin (D:2)
  6 jackals
  10 kobolds
  5 quokkas
  2 ball pythons
  3 bats
  A frilled lizard (D:2)
  10 rats
61 creatures vanquished.

Vanquished Creatures (others)
  191 foxfires
  4 plants (Sewer)
195 creatures vanquished.

Grand Total: 256 creatures vanquished

Notes
Turn   | Place    | Note
-------+----------+-------------------------------------------
     0 | D:1      | rogsnak the Tengu Fire Elementalist began the quest for the
                  | Orb.
     0 | D:1      | Reached XP level 1. HP: 10/10 MP: 4/4
    90 | D:1      | Found a faded altar of an unknown god.
   153 | D:1      | Reached XP level 2. HP: 15/15 MP: 1/6
   749 | D:1      | Reached XP level 3. HP: 19/19 MP: 4/7
  1426 | D:2      | Reached XP level 4. HP: 24/24 MP: 4/8
  1900 | D:3      | Gained mutation: Your magical nature lets you fly swiftly
                  | and evasively. [Tengu growth]
  1900 | D:3      | Reached XP level 5. HP: 25/28 MP: 5/10
  1936 | D:3      | Found a glowing drain.
  1979 | Sewer    | Entered a sewer
  2027 | Sewer    | Learned a level 4 spell: Sticky Flame
  2229 | Sewer    | Noticed a kobold brigand
  2229 | Sewer    | Noticed a kobold brigand
  2252 | Sewer    | HP: 1/28 [poisoned by a kobold brigand]
  2252 | Sewer    | Killed a kobold brigand
  2254 | Sewer    | Succumbed to a kobold brigand's poison

Illustrated notes

Levels and vault maps discovered:
D:1:      dpeg_arrival_pits, layout_loops_cross, ebering_ecumenical_altar_webs,
          st_stairs_1, minmay_quantized
D:2:      layout_rooms, minmay_pentomino_w4
D:3:      layout_loops_ring, lightli_sewer_entry_pipes,
          grunt_decor_mini_mirrors, supply_closet_lemuel
Sewer:    kennysheep_pipe_town

Skill      XL: |  1  2  3  4  5 |
---------------+----------------+-----
Conjurations   | 2 3 4 |  4.2
Fire Magic     | 4 |  4.6
Dodging        | 3 |  3.2
Spellcasting   | 3 |  3.1
Stealth        | |  2.1

Action                   |  1- 3 |  4- 6 || total
-------------------------+-------+-------++-------
Melee: Kick              |     3 |     1 ||     4
       Unarmed           |     1 |       ||     1
       Dagger            |     9 |       ||     9
       Spear             |     2 |       ||     2
       Staff             |       |    12 ||    12
 Cast: Foxfire           |    63 |    55 ||   118
  Use: Potion            |       |     2 ||     2
Armor: Robe              |     2 |     3 ||     5
Dodge: Dodged            |     6 |    16 ||    22
